 Dungeon Crawl Stone Soup version 0.29-a0-841-g116ddc6ace (webtiles) character file.

Game seed: 9910208396635738557

12 LynnLen the Sneak (level 2, -1/16 HPs)
             Began as a Vampire Enchanter on July 14, 2022.
             Slain by a jackal (2 damage)
             ... on level 1 of the Dungeon.
             The game lasted 00:00:56 (300 turns).

LynnLen the Sneak (Vampire Enchanter)                Turns: 300, Time: 00:00:56

Health: -1/16      AC:  2    Str:  7    XL:     2   Next: 20%
Magic:  5/5        EV: 12    Int: 17    God:
Gold:   29         SH:  0    Dex: 14    Spells: 5/5 levels left

rFire   . . .      SeeInvis +   a - +1 dagger
rCold   + + .      Faith    .   (no shield)
rNeg    + + +      Spirit   .   b - +0 robe
rPois   ∞          Reflect  .   (no helmet)
rElec   .          Harm     .   (no cloak)
rCorr   .          Rampage  .   (no gloves)
Will    .....      Clarity  +   (no boots)
Stlth   +++++.....              (no amulet)
HPRegen 0.00/turn               (no ring)
MPRegen 0.09/turn               (no ring)

@: bloodless, inhibited regen
A: bloodless, fangs 3, see invisible, vampiric 1, clarity, wild magic 1,
evolution 1
a: Revivify


You were on level 1 of the Dungeon.
You visited 1 branch of the dungeon, and saw 2 of its levels.

You collected 29 gold pieces.

Inventory:

Hand Weapons
 a - a +1 dagger (weapon)
Armour
 b - a +0 robe (worn)
Potions
 c - a potion of invisibility
 d - a potion of mutation


   Skills:
 * Level 0.6 Fighting
 * Level 1.5 Short Blades
 + Level 2.3 Dodging
 + Level 4.9 Stealth
 - Level 2.0 Spellcasting
 - Level 4.4 Hexes


You had 5 spell levels left.
You didn't know any spells.
Your spell library contained the following spells:

 Spells                   Type           Power      Damage    Failure   Level
 Confusing Touch          Hex            21%        N/A       14%         3
 Tukima's Dance           Hex            21%        N/A       14%         3
 Ensorcelled Hibernation  Hex/Ice        22%        N/A       17%         2
 Dazzling Flash           Conj/Hex       22%        N/A       32%         3


Dungeon Overview and Level Annotations

Branches:
Dungeon (2/15)

Altars:


Innate Abilities, Weirdness & Mutations

You do not regenerate when monsters are visible.
You are frail without blood (-20% HP).
You can heal yourself when you bite living creatures.
You are immune to poison.
You have razor-sharp teeth.
You have supernaturally acute eyesight. (SInv)
You are afflicted with vampirism.
You possess an exceptional clarity of mind.
Your spells are a little harder to cast, but a little more powerful.
You have hidden genetic potential.


Message History

The jackal bites you. The jackal misses you.
There is an open door here.
You see here a jackal corpse.
You hit the jackal.
The jackal is moderately wounded.
The jackal misses you.
The jackal bites you but does no damage.
The jackal bites you. The jackal closely misses you. The jackal misses you.
You closely miss the jackal. Your bite misses the jackal.
The jackal is moderately wounded.
The jackal closely misses you.
The jackal bites you but does no damage.
You hit the jackal but do no damage.
The jackal is moderately wounded.
The jackal bites you. The jackal misses you.
You hit the jackal.
The jackal is almost dead.
The jackal barely misses you. The jackal bites you.
The jackal bites you but does no damage.
You hit the jackal.
You kill the jackal!
The jackal closely misses you.
You hit the jackal.
The jackal is moderately wounded.
The jackal misses you.
You closely miss the jackal.
The jackal is moderately wounded.
The jackal bites you.
* * * LOW HITPOINT WARNING * * *
The jackal barely misses you.
You hit the jackal.
The jackal is heavily wounded.
The jackal bites you.
* * * LOW HITPOINT WARNING * * *
It was a potion of mutation.
You feel extremely strange.
You feel less in control of your magic.
Your thoughts seem clearer.
You feel a hidden potential growing inside you.
The jackal bites you.
You die...

#.##.#..#.# ####........ #
#.......h# (...####.#..
....#.#..h# ....####.#..
.##..#.#...# ............
.. ....#.#...#
.........### #
.#...#.....# ##......#
.S.##.##.##########....###
#.#†......##......#
#.h@>.>.>.+.....#.##
.......#.......#.###.....
...##..#########.# #.#.#.
. #..#.......#.###...#.
#..+...<...'.........
...#.......###.......
....######### #.......
.... #....... ........


You could see a jackal.

Vanquished Creatures
  A dart slug (D:1)
  A ball python (D:2)
  2 endoplasms (D:1)
  3 jackals (D:1)
  A kobold (D:2)
8 creatures vanquished.

Vanquished Creatures (others)
  3 fungi (D:2)
  A plant (D:2)
4 creatures vanquished.

Grand Total: 12 creatures vanquished

Notes
Turn   | Place    | Note
-------+----------+-------------------------------------------
     0 | D:1      | LynnLen the Vampire Enchanter began the quest for the Orb.
     0 | D:1      | Reached XP level 1. HP: 13/13 MP: 3/3
    85 | D:2      | Reached XP level 2. HP: 8/16 MP: 5/5
   300 | D:1      | Gained mutation: Your spells are a little harder to cast,
                  | but a little more powerful. [potion of mutation]
   300 | D:1      | Gained mutation: You possess an exceptional clarity of
                  | mind. [potion of mutation]
   300 | D:1      | Gained mutation: You have hidden genetic potential. [potion
                  | of mutation]
   300 | D:1      | Slain by a jackal

Illustrated notes

Levels and vault maps discovered:
D:1:      minmay_arrival_up_and_down, layout_basic, fountainhead,
          minmay_misc_feat_enclosed, minmay_lizard_pond
D:2:      layout_basic, shapermc_ecumenical_altar_mp_ritualfount,
          due_unseen_surprise, uniq_terence

Action                   || total
-------------------------++-------
Melee: Dagger            ||    27
       Bite              ||     2
 Abil: Exsanguinate      ||     1
  Use: Potion            ||     2
 Stab: Sleeping          ||     3
Armor: Robe              ||     7
Dodge: Dodged            ||    23

Table legend: (Time is in decaauts)
 A = Elapsed time spent in this place.
 B = Non-inter-level travel time spent in this place.
 C = Inter-level travel time spent in this place.
 D = Time resting spent in this place.
 E = Time spent auto-exploring this place.
 F = Levels seen in this place.
 G = Mean time per level.
                   A        B        C        D        E       F      G
               +--------+--------+--------+--------+--------+-----+--------+
         Total |    298 |    298 |      0 |      0 |    195 |   2 |  149.0 |
       Dungeon |    298 |    298 |      0 |      0 |    195 |   2 |  149.0 |
               +--------+--------+--------+--------+--------+-----+--------+

Top non-repeatable levels by time:
     D:2: 197 daAuts
     D:1: 101 daAuts
